[Event "9th Holuj-Radzikowska 2019"]
[Site "Wroclaw"]
[Date "2019.12.06"]
[Round "1.2"]
[White "Houska, Jovanka"]
[Black "Zawadzka, Jolanta"]
[Result "0-1"]
[ECO "D38"]
[WhiteElo "2412"]
[BlackElo "2400"]
[Annotator "RC"]
[PlyCount "78"]
[EventDate "2019.12.06"]
[EventType "team-tourn"]
[EventCountry "POL"]
[SourceTitle "playchess.com"]
[Source "ChessBase"]
[SourceQuality "1"]
[WhiteTeam "Team World"]
[BlackTeam "Team Poland"]
[TimeControl "40/5400+30:1800+30"]

1. d4 d5 2. Nf3 Nf6 3. c4 e6 4. Nc3 Bb4 5. Qa4+ Nc6 6. Bd2 dxc4 7. e3 O-O 8. Bxc4 Bd6 9. a3 a6 10. Qc2 e5 11. d5 Ne7 12. Ng5 h6 13. Nge4 Nxe4 14. Nxe4 Bf5 15. O-O Rc8 16. Bc3 b5 17. Ba2 c5 18. Rad1 Qb6 19. Bb1 a5 20. g4 Bg6 21. f4 exf4 22. exf4 b4 23. Be5 Bxe4 24. Qxe4 f5 25. Qg2 Qc7 26. Rfe1 Rcd8 27. gxf5 Nxf5 28. Qg6 Qd7 29. Kh1 Bb8 30. Bxf5 Rxf5 31. Bxg7 Qf7 32. Qxh6 Rh5 33. Qf6 Rdxd5 34. Rxd5 Rxd5 35. Qc6 Kxg7 36. Rg1+ Kh7 37. Qc8 Bxf4 38. Qh3+ Rh5 39. Qd3+ Qf5 0-1

[Event "9th Holuj-Radzikowska 2019"]
[Site "Wroclaw"]
[Date "2019.12.06"]
[Round "1.4"]
[White "Bulmaga, Irina"]
[Black "Majdan, Joanna"]
[Result "1-0"]
[ECO "B06"]
[WhiteElo "2434"]
[BlackElo "2336"]
[Annotator "RC"]
[PlyCount "53"]
[EventDate "2019.12.06"]
[EventType "team-tourn"]
[EventCountry "POL"]
[SourceTitle "playchess.com"]
[Source "ChessBase"]
[SourceQuality "1"]
[WhiteTeam "Team World"]
[BlackTeam "Team Poland"]
[TimeControl "40/5400+30:1800+30"]

1. e4 g6 2. d4 Bg7 3. Nc3 d6 4. f4 a6 5. Nf3 b5 6. Bd3 Nd7 7. e5 c5 8. Be4 Rb8 9. Be3 cxd4 10. Bxd4 dxe5 11. fxe5 e6 12. Ba7 Qc7 13. Bxb8 Qxb8 14. O-O Ne7 15. Qe1 Nxe5 16. Qh4 Nc4 17. Rae1 Qa7+ 18. Kh1 O-O 19. Bd3 Nxb2 20. Ne4 Nxd3 21. cxd3 Nf5 22. Nf6+ Bxf6 23. Qxf6 Bb7 24. Ng5 Qc5 25. Ne4 Bxe4 26. dxe4 Ne3 27. Qf2 1-0

[Event "9th Holuj-Radzikowska 2019"]
[Site "Wroclaw"]
[Date "2019.12.06"]
[Round "1.5"]
[White "Arabidze, Meri"]
[Black "Socko, Monika"]
[Result "1-0"]
[ECO "E17"]
[WhiteElo "2435"]
[BlackElo "2407"]
[Annotator "RC"]
[PlyCount "102"]
[EventDate "2019.12.06"]
[EventType "team-tourn"]
[EventCountry "POL"]
[SourceTitle "playchess.com"]
[Source "ChessBase"]
[SourceQuality "1"]
[WhiteTeam "Team World"]
[BlackTeam "Team Poland"]
[TimeControl "40/5400+30:1800+30"]

1. d4 Nf6 2. c4 e6 3. Nf3 b6 4. g3 Bb7 5. Bg2 Be7 6. O-O O-O 7. Re1 a5 8. Nc3 Ne4 9. Qc2 f5 10. Ne5 d5 11. cxd5 exd5 12. Be3 Nd7 13. Nxe4 Nxe5 14. Nc5 bxc5 15. dxe5 c4 16. b3 Ba6 17. Rac1 c6 18. bxc4 Bxc4 19. Qa4 Bb5 20. Qd4 Bb4 21. Bd2 Bxd2 22. Qxd2 Kh8 23. e3 Qe7 24. Qd4 Rfe8 25. f4 Bc4 26. Rc2 Red8 27. Qc3 Qb4 28. a3 Qxc3 29. Rxc3 Rab8 30. Bf1 Rb2 31. Rec1 Bxf1 32. Kxf1 Rxh2 33. Rxc6 Kg8 34. Rc8 Rxc8 35. Rxc8+ Kf7 36. Rc5 Rd2 37. Rxa5 d4 38. Ra7+ Kf8 39. exd4 Rxd4 40. a4 g5 41. a5 gxf4 42. gxf4 Rxf4+ 43. Kg2 h5 44. a6 Ra4 45. Ra8+ Kg7 46. a7 Ra2+ 47. Kg3 Ra3+ 48. Kf4 h4 49. e6 h3 50. e7 h2 51. Rh8 Ra4+ {[%emt 0:03:39] Ke4} 1-0

[Event "9th Holuj-Radzikowska 2019"]
[Site "Wroclaw"]
[Date "2019.12.08"]
[Round "2"]
[White "Zawadzka, Jolanta"]
[Black "Bulmaga, Irina"]
[Result "1-0"]
[ECO "B90"]
[WhiteElo "2400"]
[BlackElo "2308"]
[Annotator "NA"]
[PlyCount "53"]
[EventDate "2019.12.06"]
[EventType "team-tourn"]
[EventCountry "POL"]
[SourceTitle "playchess.com"]
[Source "ChessBase"]
[SourceQuality "1"]
[TimeControl "40/5400+30:1800+30"]

1. e4 c5 2. Nf3 d6 3. d4 cxd4 4. Nxd4 Nf6 5. Nc3 a6 6. Be3 e5 7. Nf3 Be7 8. Bc4 O-O 9. O-O Be6 10. Bb3 Nc6 11. Bg5 Rc8 12. Bxf6 Bxf6 13. Nd5 Bxd5 14. Qxd5 Qc7 15. c3 Ne7 16. Qd3 Rfd8 17. Rfd1 Qc5 18. Ne1 Bg5 19. Qf3 Rf8 20. Rd3 Ng6 21. Qf5 Bh4 22. Rh3 Ne7 23. Qf3 Bf6 24. Rd1 Qb6 25. Rd3 a5 26. Rxh7 Rfd8 27. Rh8+ 1-0

[Event "9th Holuj-Radzikowska 2019"]
[Site "Wroclaw"]
[Date "2019.12.08"]
[Round "2"]
[White "Bodnaruk, Anastasia"]
[Black "Antolak, Julia"]
[Result "0-1"]
[ECO "B84"]
[WhiteElo "2375"]
[BlackElo "2062"]
[Annotator "NA"]
[PlyCount "94"]
[EventDate "2019.12.06"]
[EventType "team-tourn"]
[EventCountry "POL"]
[SourceTitle "playchess.com"]
[Source "ChessBase"]
[SourceQuality "1"]
[TimeControl "40/5400+30:1800+30"]

1. e4 c5 2. Nc3 e6 3. Nf3 d6 4. d4 cxd4 5. Nxd4 Nf6 6. Be2 a6 7. f4 Nc6 8. Be3 Be7 9. O-O O-O 10. a4 Qc7 11. Kh1 Nxd4 12. Qxd4 Bd7 13. e5 Ne8 14. Qd2 Bc6 15. Bd4 dxe5 16. fxe5 g6 17. a5 Ng7 18. Qf4 Rac8 19. Bd3 f6 20. Qe3 Nf5 21. Bxf5 exf5 22. e6 Bd6 23. Rfe1 Bxh2 24. e7 Rf7 25. Bb6 Qg3 26. Qxg3 Bxg3 27. Re6 Re8 28. Bc5 Be5 29. Re1 Rg7 30. Kg1 Kf7 31. R6xe5 fxe5 32. Rxe5 Kf6 33. Re1 Rgxe7 34. Bxe7+ Rxe7 35. Rd1 Re5 36. b4 f4 37. Rd4 Kf5 38. Kf2 g5 39. Ne2 Bxg2 40. Nxf4 Re4 41. Ne2 Rxd4 42. Nxd4+ Ke5 43. Nb3 Bd5 44. Nd2 Kd4 45. c4 Bxc4 46. Nf3+ Kc3 47. Nxg5 h5 0-1

[Event "9th Holuj-Radzikowska 2019"]
[Site "Wroclaw"]
[Date "2019.12.08"]
[Round "2"]
[White "Houska, Jovanka"]
[Black "Cyfka, Karina"]
[Result "1/2-1/2"]
[ECO "A46"]
[WhiteElo "2345"]
[BlackElo "2266"]
[Annotator "NA"]
[PlyCount "62"]
[EventDate "2019.12.06"]
[EventType "team-tourn"]
[EventCountry "POL"]
[SourceTitle "playchess.com"]
[Source "ChessBase"]
[SourceQuality "1"]
[TimeControl "40/5400+30:1800+30"]

1. d4 Nf6 2. Nf3 e6 3. Bf4 b6 4. e3 Bb7 5. Bd3 Be7 6. h3 c5 7. c3 O-O 8. Nbd2 d6 9. O-O Nc6 10. Qe2 Re8 11. Bh2 Bf8 12. Rfd1 Qc7 13. e4 e5 14. dxc5 bxc5 15. a4 Ne7 16. Nc4 Ng6 17. Re1 Nh5 18. Qc2 Ngf4 19. Bxf4 Nxf4 20. Ne3 Qe7 21. Bc4 Qf6 22. h4 Qg6 23. Ng5 Ne6 24. Bd5 Nxg5 25. Bxb7 Rab8 26. Bd5 Nf3+ 27. Kf1 Nxh4 28. Rab1 Be7 29. Qe2 Qh6 30. Qg4 Ng6 31. g3 Nf8 1/2-1/2

[Event "9th Holuj-Radzikowska 2019"]
[Site "Wroclaw"]
[Date "2019.12.08"]
[Round "2"]
[White "Majdan, Joanna"]
[Black "Arabidze, Meri"]
[Result "1/2-1/2"]
[ECO "C55"]
[WhiteElo "2240"]
[BlackElo "2412"]
[Annotator "NA"]
[PlyCount "82"]
[EventDate "2019.12.06"]
[EventType "team-tourn"]
[EventCountry "POL"]
[SourceTitle "playchess.com"]
[Source "ChessBase"]
[SourceQuality "1"]
[TimeControl "40/5400+30:1800+30"]

1. e4 e5 2. Nf3 Nc6 3. Bc4 Nf6 4. d3 h6 5. c3 d6 6. a4 g6 7. b4 Bg7 8. Qb3 O-O 9. a5 a6 10. Nbd2 Nh5 11. O-O Nf4 12. Re1 Qf6 13. Qd1 Bg4 14. Ra2 Ne7 15. Kh1 Rad8 16. h3 Bh5 17. Kh2 g5 18. d4 g4 19. hxg4 Bxg4 20. d5 Qg6 21. Bf1 f5 22. c4 fxe4 23. Rxe4 Rf5 24. Be2 Rh5+ 25. Kg1 Bh3 26. g3 Bg2 27. Nh2 Bxe4 28. Nxe4 Nxe2+ 29. Qxe2 Nf5 30. Qg4 Qxg4 31. Nxg4 Rf8 32. b5 Nd4 33. b6 Nf3+ 34. Kg2 Ne1+ 35. Kg1 Nf3+ 36. Kg2 cxb6 37. axb6 Ne1+ 38. Kg1 Nf3+ 39. Kg2 Ne1+ 40. Kg1 Nf3+ 41. Kg2 Ne1+ 1/2-1/2

[Event "9th Holuj-Radzikowska 2019"]
[Site "Wroclaw"]
[Date "2019.12.08"]
[Round "2"]
[White "Badelka, Olga"]
[Black "Sliwicka, Alicja"]
[Result "1/2-1/2"]
[ECO "A58"]
[WhiteElo "2186"]
[BlackElo "2140"]
[Annotator "NA"]
[PlyCount "55"]
[EventDate "2019.12.06"]
[EventType "team-tourn"]
[EventCountry "POL"]
[SourceTitle "playchess.com"]
[Source "ChessBase"]
[SourceQuality "1"]
[TimeControl "40/5400+30:1800+30"]

1. d4 Nf6 2. c4 c5 3. d5 b5 4. cxb5 a6 5. bxa6 g6 6. Nc3 Bg7 7. a7 Rxa7 8. e4 O-O 9. Nf3 e6 10. Be2 Ba6 11. Bxa6 Nxa6 12. O-O Qb8 13. Re1 Qb7 14. d6 Rc8 15. Rb1 c4 16. e5 Nd5 17. Nxd5 Qxd5 18. Qxd5 exd5 19. Be3 Rb7 20. a3 Nc5 21. Bxc5 Rxc5 22. Nd4 c3 23. b4 Rc4 24. Nc2 Bh6 25. Ne3 Re4 26. Nc2 Rc4 27. Ne3 Re4 28. Nc2 1/2-1/2

[Event "9th Holuj-Radzikowska 2019"]
[Site "Wroclaw"]
[Date "2019.12.09"]
[Round "3"]
[White "Antolak, Julia"]
[Black "Badelka, Olga"]
[Result "1/2-1/2"]
[ECO "B47"]
[WhiteElo "2249"]
[BlackElo "2399"]
[Annotator "RC"]
[PlyCount "144"]
[EventDate "2019.12.06"]
[EventType "team-tourn"]
[EventCountry "POL"]
[SourceTitle "playchess.com"]
[Source "ChessBase"]
[SourceQuality "1"]
[TimeControl "40/5400+30:1800+30"]

1. e4 c5 2. Nf3 e6 3. d4 cxd4 4. Nxd4 Nc6 5. Nc3 Qc7 6. f4 a6 7. Nxc6 bxc6 8. e5 f5 9. Be3 Nh6 10. Be2 c5 11. O-O Bb7 12. Qe1 Be7 13. Qf2 O-O 14. Na4 Rac8 15. b3 Ng4 16. Bxg4 fxg4 17. Qe2 h5 18. Rad1 Qc6 19. Rd2 Rc7 20. c4 Rf7 21. Rfd1 Bf8 22. Nc3 Ba8 23. Rd3 Qb7 24. Bc1 Rf5 25. Re1 Qc8 26. Ne4 Bxe4 27. Qxe4 Be7 28. Red1 Kf7 29. Qe2 Qb7 30. Bd2 Qc6 31. Bc1 Ke8 32. h3 gxh3 33. Rxh3 g6 34. g4 Rf8 35. gxh5 gxh5 36. Qxh5+ Kd8 37. Qf3 Qxf3 38. Rxf3 Kc8 39. Kf2 Kb7 40. Rfd3 Kc6 41. Kf3 Rh8 42. Ke4 Rh2 43. R3d2 Rh7 44. Rg2 Rc8 45. Rdg1 Bd8 46. Rg8 Rb8 47. Be3 Rh3 48. R1g6 Rh4 49. Kd3 Rh5 50. Ke4 Bc7 51. Rxb8 Bxb8 52. Rg2 Bc7 53. a3 a5 54. Rb2 Rh3 55. b4 cxb4 56. axb4 axb4 57. Rxb4 Rh2 58. Ra4 Rh3 59. Ra6+ Kb7 60. Ra2 Kc6 61. Rg2 Rh5 62. Rf2 Rh4 63. Rf3 Rh5 64. f5 Rxf5 65. Rxf5 exf5+ 66. Kxf5 Ba5 67. Bd4 Be1 68. e6 dxe6+ 69. Kxe6 Bd2 70. c5 Bb4 71. Ke5 Bxc5 72. Bxc5 Kxc5 1/2-1/2

[Event "9th Holuj-Radzikowska 2019"]
[Site "Wroclaw"]
[Date "2019.12.10"]
[Round "4"]
[White "Arabidze, Meri"]
[Black "Zawadzka, Jolanta"]
[Result "1/2-1/2"]
[ECO "D40"]
[WhiteElo "2435"]
[BlackElo "2400"]
[Annotator "ChessBase"]
[PlyCount "85"]
[EventDate "2019.12.06"]
[EventType "team-tourn"]
[EventCountry "POL"]
[SourceTitle "playchess.com"]
[Source "ChessBase"]
[SourceQuality "1"]
[TimeControl "40/5400+30:1800+30"]

1. d4 d5 2. c4 e6 3. Nf3 Nf6 4. Nc3 c5 5. e3 a6 6. a3 Nc6 7. Bd3 dxc4 8. Bxc4 b5 9. Bd3 Bb7 10. O-O Qc7 11. Qe2 Rc8 12. h3 Be7 13. dxc5 Bxc5 14. b4 Ba7 15. Bb2 O-O 16. Rac1 Qe7 17. Ne4 Nxe4 18. Bxe4 f5 19. Bb1 e5 20. Ba2+ Kh8 21. Bd5 Bb8 22. e4 fxe4 23. Qxe4 Rf4 24. Qe3 Ba7 25. Qe2 e4 26. Bxc6 Rxc6 27. Rxc6 Bxc6 28. Ne5 Bb7 29. Ng4 Rf8 30. Ne3 Bb8 31. Rc1 Bc8 32. Rc5 h6 33. Qh5 Kh7 34. Rc6 Qe8 35. Qxe8 Rxe8 36. Kf1 Rd8 37. Ke2 Bb7 38. Re6 Rd7 39. Nf5 Bf4 40. Ne3 Kg8 41. Rg6 Kh7 42. Re6 Kg8 43. Rg6 1/2-1/2

[Event "9th Holuj-Radzikowska 2019"]
[Site "Wroclaw"]
[Date "2019.12.10"]
[Round "4"]
[White "Cyfka, Karina"]
[Black "Bulmaga, Irina"]
[Result "1/2-1/2"]
[ECO "A45"]
[WhiteElo "2410"]
[BlackElo "2434"]
[Annotator "ChessBase"]
[PlyCount "50"]
[EventDate "2019.12.06"]
[EventType "team-tourn"]
[EventCountry "POL"]
[SourceTitle "playchess.com"]
[Source "ChessBase"]
[SourceQuality "1"]
[TimeControl "40/5400+30:1800+30"]

1. d4 Nf6 2. Bf4 e6 3. e3 d5 4. Nf3 Be7 5. h3 O-O 6. Nbd2 b6 7. c3 Bb7 8. Bd3 Ne4 9. Qc2 f5 10. Ne5 Nd7 11. Ndf3 c5 12. O-O Nxe5 13. Nxe5 Nf6 14. Qe2 c4 15. Bc2 b5 16. g4 Ne4 17. f3 Nd6 18. Rf2 a5 19. Rg2 Rc8 20. Kh1 Rc7 21. Rag1 Bf6 22. Qe1 Bh4 23. Qd2 Bf6 24. Qe1 Bh4 25. Qd2 Bf6 1/2-1/2

[Event "9th Holuj-Radzikowska 2019"]
[Site "Wroclaw"]
[Date "2019.12.10"]
[Round "4"]
[White "Badelka, Olga"]
[Black "Majdan, Joanna"]
[Result "1-0"]
[ECO "A10"]
[WhiteElo "2399"]
[BlackElo "2336"]
[Annotator "ChessBase"]
[PlyCount "65"]
[EventDate "2019.12.06"]
[EventType "team-tourn"]
[EventCountry "POL"]
[SourceTitle "playchess.com"]
[Source "ChessBase"]
[SourceQuality "1"]
[TimeControl "40/5400+30:1800+30"]

1. c4 g6 2. Nc3 Bg7 3. d4 c5 4. d5 d6 5. e4 Nf6 6. h3 e6 7. Nf3 O-O 8. Bd3 Na6 9. O-O Nc7 10. a4 Na6 11. Re1 e5 12. Bf1 h6 13. Nh2 Ne8 14. f4 exf4 15. Bxf4 Nb8 16. e5 dxe5 17. Bxe5 Bxe5 18. Rxe5 Nd7 19. Re1 Nd6 20. Qd2 h5 21. Nf3 Nf6 22. Qf4 Re8 23. Nb5 Rxe1 24. Rxe1 Nxb5 25. axb5 a6 26. d6 axb5 27. Re7 Bf5 28. Ng5 Ra1 29. Nxf7 Qf8 30. Nh6+ Kh8 31. Nxf5 gxf5 32. Qe5 Rd1 33. d7 1-0

[Event "9th Holuj-Radzikowska 2019"]
[Site "Wroclaw"]
[Date "2019.12.11"]
[Round "5"]
[White "Bulmaga, Irina"]
[Black "Antolak, Julia"]
[Result "1-0"]
[ECO "B84"]
[WhiteElo "2434"]
[BlackElo "2249"]
[Annotator "NA"]
[PlyCount "85"]
[EventDate "2019.12.06"]
[EventType "team-tourn"]
[EventCountry "POL"]
[SourceTitle "playchess.com"]
[Source "ChessBase"]
[SourceQuality "1"]
[TimeControl "40/5400+30:1800+30"]

1. e4 c5 2. Nf3 e6 3. d4 cxd4 4. Nxd4 Nf6 5. Nc3 d6 6. Be2 a6 7. O-O Be7 8. Be3 Nc6 9. f4 O-O 10. Kh1 Bd7 11. Qe1 Nxd4 12. Bxd4 b5 13. a3 Qb8 14. e5 dxe5 15. fxe5 Nd5 {[#]} 16. Ne4 $16 Bc6 17. Bd3 Kh8 18. Nf6 g6 19. Qh4 Bxf6 20. exf6 e5 21. Bc5 Nf4 22. Rxf4 exf4 23. Bxf8 Qxf8 24. Qxf4 Re8 25. h3 Re6 26. Rf1 Qd8 27. Qh6 Qg8 28. Qg5 Qd8 29. Qh6 Qg8 30. Kg1 Re5 31. Qf4 Qe8 32. Bxg6 Re2 33. Rf2 Rxf2 34. Kxf2 Bxg2 35. Qh6 Qg8 36. Bxh7 Qxh7 37. Qf8+ Qg8 38. Qxg8+ Kxg8 39. Kxg2 Kh7 40. b3 Kg6 41. c4 bxc4 42. bxc4 Kxf6 43. h4 1-0

[Event "9th Holuj-Radzikowska 2019"]
[Site "Wroclaw"]
[Date "2019.12.11"]
[Round "5"]
[White "Houska, Jovanka"]
[Black "Sliwicka, Alicja"]
[Result "0-1"]
[ECO "A46"]
[WhiteElo "2412"]
[BlackElo "2264"]
[Annotator "NA"]
[PlyCount "104"]
[EventDate "2019.12.06"]
[EventType "team-tourn"]
[EventCountry "POL"]
[SourceTitle "playchess.com"]
[Source "ChessBase"]
[SourceQuality "1"]
[TimeControl "40/5400+30:1800+30"]

1. d4 Nf6 2. Nf3 d6 3. g3 Nbd7 4. Bg2 e5 5. c4 g6 6. Nc3 Bg7 7. O-O O-O 8. e3 c6 9. a4 a5 10. b3 exd4 11. Nxd4 Nc5 $11 12. h3 Qb6 13. Ba3 Nfd7 14. Ra2 Re8 15. Kh2 Nb8 16. Rd2 Nba6 17. Nce2 Nb4 18. Qb1 Bd7 19. Rfd1 Rad8 20. Nf4 Bc8 21. e4 Qc7 22. Bb2 Be5 23. Nfe2 Qe7 24. Bc3 Bg7 25. f3 d5 26. exd5 cxd5 27. cxd5 Rxd5 28. Nf4 Rdd8 29. Nb5 Bxc3 30. Rxd8 Rxd8 31. Nxc3 Bf5 32. Rxd8+ Qxd8 33. Qb2 Qd4 34. Nfe2 Qf6 35. f4 Nc2 36. g4 Bd3 37. Qc1 Nxb3 38. Qd1 Bxe2 39. Nxe2 Ncd4 40. Bxb7 Nxe2 41. Qxb3 Qxf4+ 42. Kg2 Qd4 43. Kf3 Nc3 44. Ba6 Nxa4 45. Bc4 Qf6+ 46. Ke2 Nc5 47. Qb5 Qe5+ 48. Kd1 a4 49. Kc2 Kg7 50. h4 a3 51. g5 Qd4 52. Qb4 a2 0-1

[Event "9th Holuj-Radzikowska 2019"]
[Site "Wroclaw"]
[Date "2019.12.11"]
[Round "5"]
[White "Cyfka, Karina"]
[Black "Arabidze, Meri"]
[Result "1/2-1/2"]
[ECO "D35"]
[WhiteElo "2410"]
[BlackElo "2435"]
[Annotator "NA"]
[PlyCount "60"]
[EventDate "2019.12.06"]
[EventType "team-tourn"]
[EventCountry "POL"]
[SourceTitle "playchess.com"]
[Source "ChessBase"]
[SourceQuality "1"]
[TimeControl "40/5400+30:1800+30"]

1. d4 d5 2. c4 e6 3. Nc3 Nf6 4. cxd5 exd5 5. Bg5 c6 6. e3 Nbd7 7. Bd3 Be7 8. Qc2 O-O 9. Nf3 Re8 10. O-O Nf8 11. h3 Nh5 12. Bxe7 Qxe7 13. Rab1 g6 $14 14. b4 a6 15. a4 Be6 16. b5 axb5 17. axb5 c5 18. dxc5 Qxc5 19. Nd4 Rec8 20. Rfc1 Qd6 21. Qd1 Nd7 22. Bf1 Nb6 23. Nce2 Bd7 24. Rxc8+ Rxc8 25. Rc1 Rxc1 26. Qxc1 Nf6 27. Nc3 Qc5 28. Qa1 Bc8 29. Nb3 Qb4 30. Nd4 Qc5 1/2-1/2

[Event "9th Holuj-Radzikowska 2019"]
[Site "Wroclaw"]
[Date "2019.12.11"]
[Round "5"]
[White "Zawadzka, Jolanta"]
[Black "Zatonskih, Anna"]
[Result "1/2-1/2"]
[ECO "C43"]
[WhiteElo "2400"]
[BlackElo "2420"]
[Annotator "NA"]
[PlyCount "97"]
[EventDate "2019.12.06"]
[EventType "team-tourn"]
[EventCountry "POL"]
[SourceTitle "playchess.com"]
[Source "ChessBase"]
[SourceQuality "1"]
[TimeControl "40/5400+30:1800+30"]

1. e4 e5 2. Nf3 Nf6 3. d4 Nxe4 4. Bd3 d5 5. Nxe5 Nd7 6. Nxd7 Bxd7 7. O-O Bd6 8. Nc3 $11 Nxc3 9. bxc3 O-O 10. Qh5 f5 11. Re1 Qf6 12. Qf3 Bc6 13. Bf4 g6 14. Be5 Bxe5 15. Rxe5 Rae8 16. Rae1 Rxe5 17. Rxe5 Qf7 18. h4 Re8 19. Qf4 Rxe5 20. Qxe5 h5 21. Kh2 Kf8 22. Kh3 Qe7 23. Qh8+ Kf7 24. c4 Qf6 25. Qc8 Qxd4 26. Qxc7+ Ke8 27. cxd5 Qxd5 28. f3 a6 29. a3 Bd7 30. Kg3 Ke7 31. Bc4 Qd4 32. Bb3 Qe3 33. Kh2 Qd4 34. Kg3 Qe3 35. Qc4 Qe1+ 36. Kh2 Be6 37. Qc7+ Bd7 38. Qc5+ Kd8 39. Qd4 Ke7 40. Qg7+ Kd8 41. Qd4 Ke7 42. Bd5 b6 43. c4 a5 44. Qf4 Be6 45. Bc6 Kf6 46. Qg5+ Kf7 47. Qf4 Kf6 48. Qg5+ Kf7 49. Qf4 1/2-1/2

[Event "9th Holuj-Radzikowska 2019"]
[Site "Wroclaw"]
[Date "2019.12.11"]
[Round "5"]
[White "Badelka, Olga"]
[Black "Socko, Monika"]
[Result "0-1"]
[ECO "A18"]
[WhiteElo "2399"]
[BlackElo "2407"]
[Annotator "NA"]
[PlyCount "74"]
[EventDate "2019.12.06"]
[EventType "team-tourn"]
[EventCountry "POL"]
[SourceTitle "playchess.com"]
[Source "ChessBase"]
[SourceQuality "1"]
[TimeControl "40/5400+30:1800+30"]

1. c4 Nf6 2. Nc3 e6 3. e4 d5 4. e5 d4 5. exf6 dxc3 6. bxc3 Qxf6 7. d4 e5 8. Nf3 Nc6 9. Bg5 Qg6 10. d5 Nb8 11. h4 e4 12. Nd4 Bd6 13. Be3 $11 Nd7 14. h5 Qf6 15. Qc2 Nc5 16. Nb3 Nxb3 17. axb3 O-O 18. Be2 Re8 19. g4 a5 20. g5 Qf5 21. Rh4 b6 22. Bg4 Qe5 23. Bxc8 Raxc8 24. O-O-O Bc5 25. Rg1 c6 26. Bf4 Qe7 27. Rd1 cxd5 28. Rxd5 b5 29. cxb5 Bxf2 30. Qxf2 Rxc3+ 31. Kd1 Qa3 32. Ke2 e3 33. Qe1 Rc1 34. Rd1 Qb2+ 35. Kf3 Rxd1 36. Qxd1 Qf2+ 37. Kg4 e2 0-1

[Event "9th Holuj-Radzikowska 2019"]
[Site "Wroclaw"]
[Date "2019.12.11"]
[Round "5"]
[White "Majdan, Joanna"]
[Black "Bodnaruk, Anastasia"]
[Result "0-1"]
[ECO "B90"]
[WhiteElo "2336"]
[BlackElo "2413"]
[Annotator "NA"]
[PlyCount "88"]
[EventDate "2019.12.06"]
[EventType "team-tourn"]
[EventCountry "POL"]
[SourceTitle "playchess.com"]
[Source "ChessBase"]
[SourceQuality "1"]
[TimeControl "40/5400+30:1800+30"]

1. e4 c5 2. Nf3 d6 3. d4 cxd4 4. Nxd4 Nf6 5. Nc3 a6 6. Be3 e5 7. Nf3 Qc7 8. a4 Be7 9. Be2 O-O 10. O-O Nbd7 11. Nd2 b6 12. g4 $14 Bb7 13. g5 Ne8 14. Nc4 g6 15. Nd5 Bxd5 16. Qxd5 Ng7 17. Rfd1 Ne6 18. Nxd6 Bxd6 19. Qxd6 Qxc2 20. Bd3 Qb3 21. Qa3 Ndc5 22. Qxb3 Nxb3 23. Ra3 Nbd4 24. Bc4 Rad8 25. Bd5 Nc2 26. Bxb6 Nxa3 27. Bxd8 Rxd8 28. bxa3 Nxg5 29. Rb1 Nh3+ 30. Kf1 Nf4 31. Rb6 Nxd5 32. exd5 Rxd5 33. Rxa6 Rd3 34. Ra8+ Kg7 35. a5 Rxa3 36. a6 Ra2 37. Kg2 e4 38. Kg3 f5 39. h4 Ra3+ 40. Kg2 Ra2 41. Kg3 Ra3+ 42. Kg2 Kf6 43. a7 Kg7 44. Kf1 Kh6 0-1

[Event "9th Holuj-Radzikowska 2019"]
[Site "Wroclaw"]
[Date "2019.12.12"]
[Round "6"]
[White "Arabidze, Meri"]
[Black "Antolak, Julia"]
[Result "0-1"]
[ECO "A53"]
[WhiteElo "2435"]
[BlackElo "2249"]
[Annotator "ChessBase"]
[PlyCount "100"]
[EventDate "2019.12.06"]
[EventType "team-tourn"]
[EventCountry "POL"]
[SourceTitle "playchess.com"]
[Source "ChessBase"]
[SourceQuality "1"]
[TimeControl "40/5400+30:1800+30"]

1. d4 Nf6 2. c4 d6 3. Nc3 Nbd7 4. Nf3 e5 5. g3 Be7 6. Bg2 c6 7. O-O O-O 8. Qc2 Re8 9. b3 Bf8 10. e4 a6 11. Rd1 Qc7 12. Bb2 b5 13. c5 dxc5 14. dxe5 Nxe5 15. Nxe5 Rxe5 16. Ne2 Re8 17. Bxf6 gxf6 18. Nf4 Bg4 19. f3 Be6 20. Kh1 Red8 21. Nxe6 fxe6 22. Bh3 e5 23. f4 exf4 24. gxf4 Qxf4 25. Rg1+ Kh8 26. Raf1 Rd2 27. Rxf4 Rxc2 28. Rxf6 Bg7 29. Rxc6 Rxa2 30. Bf5 Bd4 31. Rg4 Rg8 32. Rxg8+ Kxg8 33. Bc8 a5 34. Ba6 c4 35. bxc4 b4 36. c5 Rc2 37. Rc8+ Kg7 38. c6 b3 39. Bd3 Rc3 40. c7 Be5 41. Kg2 Bxc7 42. Bb1 h5 43. e5 Bxe5 44. Rxc3 Bxc3 45. Bd3 a4 46. Bc4 Kf6 47. Kf3 Ke5 48. Ke3 Kd6 49. Kd3 Be5 50. h3 Kc5 {Kd4+} 0-1

[Event "9th Holuj-Radzikowska 2019"]
[Site "Wroclaw"]
[Date "2019.12.12"]
[Round "6"]
[White "Zatonskih, Anna"]
[Black "Majdan, Joanna"]
[Result "1/2-1/2"]
[ECO "A43"]
[WhiteElo "2420"]
[BlackElo "2336"]
[Annotator "ChessBase"]
[PlyCount "61"]
[EventDate "2019.12.06"]
[EventType "team-tourn"]
[EventCountry "POL"]
[SourceTitle "playchess.com"]
[Source "ChessBase"]
[SourceQuality "1"]
[TimeControl "40/5400+30:1800+30"]

1. d4 c5 2. d5 g6 3. e4 Bg7 4. Bd3 d6 5. Ne2 Nf6 6. c4 O-O 7. O-O e6 8. Nbc3 exd5 9. cxd5 a6 10. a4 Re8 11. Ng3 h5 12. f3 h4 13. Nh1 h3 14. g3 Qc7 15. Re1 Nbd7 16. Nf2 c4 17. Bf1 Ne5 18. Be3 Qa5 19. g4 Nfd7 20. Bxh3 Nc5 21. Bf1 Qb4 22. Rb1 Bd7 23. f4 Ned3 24. Bxd3 Nxd3 25. Nxd3 cxd3 26. Qxd3 Bxg4 27. Bd2 Qd4+ 28. Qxd4 Bxd4+ 29. Kg2 Rac8 30. Kg3 Bd7 31. Kf3 1/2-1/2

[Event "9th Holuj-Radzikowska 2019"]
[Site "Wroclaw"]
[Date "2019.12.12"]
[Round "6"]
[White "Bodnaruk, Anastasia"]
[Black "Cyfka, Karina"]
[Result "1-0"]
[ECO "C55"]
[WhiteElo "2413"]
[BlackElo "2410"]
[Annotator "ChessBase"]
[PlyCount "115"]
[EventDate "2019.12.06"]
[EventType "team-tourn"]
[EventCountry "POL"]
[SourceTitle "playchess.com"]
[Source "ChessBase"]
[SourceQuality "1"]
[TimeControl "40/5400+30:1800+30"]

1. e4 e5 2. Bc4 Nc6 3. Nf3 Nf6 4. d3 Be7 5. O-O O-O 6. Re1 d6 7. a4 Na5 8. Ba2 c5 9. c3 Nc6 10. Na3 Be6 11. Nc4 h6 12. Bd2 a6 13. b4 cxb4 14. cxb4 b5 15. axb5 axb5 16. Na5 Bxa2 17. Rxa2 Qd7 18. Qa1 Rac8 19. Nxc6 Rxc6 20. d4 Bd8 21. dxe5 Ng4 22. exd6 Rxd6 23. h3 Bf6 24. e5 Nxe5 25. Rxe5 Rd3 26. Qe1 Bxe5 27. Nxe5 Qe6 28. Nxd3 Qxa2 29. Bc3 Qc4 30. Nc5 Rd8 31. Qe3 f6 32. Kh2 Kf7 33. Qg3 Qd5 34. Qc7+ Kg6 35. Ne6 Qd6+ 36. Qxd6 Rxd6 37. Nd4 Rd5 38. g4 h5 39. Kg3 hxg4 40. hxg4 Kf7 41. f4 g6 42. Kf3 Ke7 43. Ke4 Kd6 44. Be1 f5+ 45. gxf5 gxf5+ 46. Nxf5+ Ke6 47. Nd4+ Kd6 48. Bg3 Rh5 49. f5+ Kd7 50. Kd5 Rh3 51. Be5 Rd3 52. f6 Rd1 53. Bd6 Rf1 54. Be7 Ke8 55. Nxb5 Rd1+ 56. Nd4 Kf7 57. b5 Rb1 58. Kc6 1-0